Map: Ruines d’Endion

Players

zidar - Winner!

  • Race: Zerg Zerg
  • League: Gold
  • Spawn Location: 7:00

bITA

  • Race: Terran Terran
  • League: Gold
  • Spawn Location: 5:00

VOD

Have the link to the VOD?

Description

Time

  • Played on: June 9, 2016, 1:25 p.m.
  • Length: 19:54
Show
View Real Time Build Order
Export as new Build Order

zidar Zerg - Winner!

Build Orders: Hatch First, Muta Ling Bane 

Get SALT Encoding   

  12  0:01  Drone  
  13  0:12  Overlord  
  13  0:17  Drone  
  13  0:20  Extractor  
  13  0:24  Drone  
  15  0:33  Drone  
  16  0:36  Drone  
  17  0:57  Hatchery  
  16  0:58  Drone  
  16  1:02  Extractor  
  16  1:04  Drone  
  17  1:21  Spawning Pool  
  17  1:22  Drone  
  17  1:28  Drone  
  18  1:35  Overlord  
  18  1:40  Drone  
  19  1:52  Drone  
  20  2:01  Drone  
  20  2:10  Queen  
  22  2:16  Queen  
  22  2:21  Metabolic Boost  
  24  2:25  Drone  
  25  2:35  Drone x3  
  28  2:37  Drone  
  28  2:40  Drone  
  30  2:51  Zergling x2  
  30  2:52  Zergling x2  
  32  3:10  Roach Warren  
  31  3:28  Drone x5  
  31  3:34  Overlord  
  36  3:51  Queen  
  38  3:59  Lair  
  37  4:19  Extractor  
  37  4:23  Extractor  
  35  4:26  Extractor  
  34  4:36  Hatchery  
  33  4:53  Evolution Chamber  
  33  4:55  Evolution Chamber  
  31  5:07  Drone x10  
  35  5:10  Drone x2  
  43  5:14  Overlord  
  43  5:15  Overlord x2  
  43  5:16  Overlord x2  
  43  5:20  Zerg Ground Armor Level 1  
  43  5:21  Zerg Melee Weapons Level 1  
  43  5:27  Pneumatized Carapace  
  43  5:32  Spire  
  42  5:55  Spore Crawler x2  
  40  6:04  Spore Crawler  
  40  6:07  Spore Crawler  
  36  6:44  Zergling x24  
  36  6:45  Zergling x10  
  36  6:46  Zergling x6  
  56  6:56  Drone  
  56  6:57  Baneling Nest  
  56  7:02  Drone x6  
  62  7:17  Queen  
  64  7:29  Zerg Ground Armor Level 2  
  64  7:30  Zerg Melee Weapons Level 2  
  64  7:36  Drone x4  
  68  7:44  Drone x3  
  71  7:59  Drone  
  72  8:10  Centrifical Hooks  
  72  8:12  Baneling  
  72  8:13  Baneling x10  
  72  8:16  Zergling x10  
  77  8:21  Zerg Flyer Weapons Level 1  
  77  8:29  Drone x4  
  77  8:32  Overlord  
  81  8:36  Baneling  
  81  8:37  Baneling x7  
  81  8:49  Overseer  
  72  9:02  Queen  
  69  9:05  Drone x6  
  77  9:34  Infestation Pit  
  77  9:35  Mutalisk  
  77  9:36  Mutalisk x5  
  88  9:41  Overlord  
  88  9:42  Overlord x4  
  88  9:43  Overlord  
  88  10:39  Hatchery  
  87  10:43  Hive  
  87  10:45  Zergling x32  
  87  10:48  Baneling  
  87  10:49  Baneling x7  
  103  10:50  Baneling x5  
  103  11:10  Zerg Flyer Weapons Level 2  
  76  11:30  Zergling x30  
  75  11:54  Zergling x8  
  75  11:55  Zergling x10  
  82  12:15  Corruptor x2  
  74  12:16  Corruptor x5  
  74  12:20  Baneling x12  
  74  12:21  Baneling x4  
  88  13:18  Drone x13  
  101  13:25  Zergling x10  
  106  13:29  Baneling x10  
  106  13:33  Zerg Melee Weapons Level 3, Zerg Ground Armor Level 3  
  106  13:39  Ultralisk Cavern  
  105  13:42  Zerg Flyer Weapons Level 3  
  104  14:10  Mutalisk x3  
  104  14:12  Corruptor  
  104  14:15  Zergling x16  
  120  14:31  Queen, Extractor, Drone  
  120  14:33  Extractor  
  120  14:37  Adrenal Glands  
  121  14:48  Zergling x22  
  121  14:51  Baneling x7  
  124  15:27  Baneling x4  
  124  15:28  Baneling x9  
  124  15:32  Zergling x2  
  124  15:33  Zergling x22  
  83  16:28  Zergling x24  
  88  16:43  Zergling x8  
  92  17:02  Zergling x16  
  100  17:33  Zergling x12  
  100  17:34  Zergling x12, Baneling  
  100  17:35  Baneling x9  
  100  17:36  Baneling x4  
  105  18:06  Hatchery  
  104  18:18  Zergling x38  
  123  18:21  Chitinous Plating  
  122  19:03  Hatchery  
Show
View Real Time Build Order
Export as new Build Order

bITA Terran 

Build Orders: Mech 

Get SALT Encoding   

  12  0:01  SCV  
  13  0:13  SCV  
  14  0:21  Supply Depot  
  14  0:25  SCV  
  15  0:37  Refinery  
  15  0:45  Barracks  
  16  0:50  SCV  
  16  0:54  Refinery  
  16  1:02  SCV  
  17  1:18  SCV  
  18  1:31  Orbital Command  
  18  1:32  Supply Depot  
  18  1:33  Marine  
  19  1:43  Supply Depot  
  19  1:53  Factory  
  19  2:15  SCV  
  20  2:18  Barracks Tech Lab  
  20  2:28  SCV  
  21  2:37  Command Center  
  21  2:52  Barracks Reactor  
  21  2:56  SCV  
  21  2:57  Siege Tank  
  25  3:13  SCV  
  26  3:29  Starport  
  26  3:32  Marine  
  26  3:33  Marine  
  28  3:40  SCV  
  29  3:53  SCV  
  30  3:57  Marine x2  
  32  4:15  Marine  
  32  4:16  Liberator  
  33  4:18  SCV x2  
  33  4:22  Marine  
  33  4:23  Siege Tank  
  39  4:30  SCV x2  
  41  4:32  Marine  
  45  4:40  Marine  
  45  4:44  Supply Depot  
  46  4:54  Barracks  
  46  4:58  Barracks  
  46  5:00  Engineering Bay  
  46  5:06  SCV  
  48  5:07  Supply Depot, Orbital Command  
  48  5:11  Refinery  
  47  5:18  SCV  
  48  5:33  Starport Reactor  
  48  5:34  SCV  
  49  5:36  Marine x2  
  49  5:38  Siege Tank  
  54  5:51  SCV  
  54  5:52  SCV  
  54  5:54  Marine  
  59  5:57  Barracks Reactor  
  59  5:59  Barracks Reactor  
  59  6:03  SCV  
  58  6:10  Siege Tank  
  61  6:16  SCV  
  62  6:27  Marine x2, SCV  
  62  6:39  Starport  
  62  7:06  Supply Depot  
  62  7:15  Supply Depot  
  62  7:16  Terran Infantry Weapons Level 1  
  62  7:21  Barracks, Starport Reactor  
  62  7:25  Factory  
  62  7:27  Marine x4, Factory, SCV, Siege Tank  
  62  7:28  Supply Depot  
  70  7:35  Refinery  
  70  7:36  Marine x2, SCV, Medivac x2  
  77  7:37  Supply Depot  
  77  7:40  SCV  
  78  7:49  Marine x4  
  78  7:50  Supply Depot  
  82  7:54  Marine x2, Liberator x2  
  82  7:55  Missile Turret  
  87  8:07  Marine  
  87  8:08  Medivac x2  
  87  8:09  Barracks  
  98  8:12  Supply Depot  
  98  8:21  Marine x2  
  98  8:22  Marine  
  98  8:23  Marine  
  98  8:26  Factory Tech Lab x2  
  102  8:32  Factory Reactor  
  102  8:33  Factory Reactor  
  99  8:36  Supply Depot  
  99  8:59  Liberator  
  99  9:00  Liberator x3  
  99  9:02  SCV  
  84  9:06  Siege Tank  
  84  9:08  Marine x5  
  84  9:09  Marine  
  93  9:11  Barracks Reactor  
  93  9:12  Barracks Reactor  
  96  9:19  SCV x2  
  107  9:25  Marine  
  107  9:28  Supply Depot  
  107  9:30  Supply Depot  
  108  9:31  SCV x2  
  108  9:34  Command Center  
  108  9:36  Missile Turret  
  110  9:46  Liberator  
  110  9:53  Marine x2, Supply Depot  
  110  9:55  Hellion  
  110  9:56  Hellion x3  
  120  10:02  Armory  
  120  10:04  Medivac  
  125  10:12  Medivac  
  125  10:13  Medivac  
  129  10:33  Marine x2  
  129  10:34  Marine x3  
  89  11:34  Marine  
  89  11:35  Marine x5  
  84  12:00  Liberator  
  84  12:01  Liberator x3  
  84  12:05  Marine x2  
  85  12:14  Hellion x4  
  96  12:15  Siege Tank  
  96  12:19  Marine x5  
  96  12:20  Marine  
  114  12:36  Hellion  
  116  12:54  SCV x2  
  116  12:55  Orbital Command  
  118  13:06  SCV x2  
  111  13:17  Marine x2  
  111  13:18  Marine x4, SCV x2  
  113  13:22  Hellion  
  113  13:23  Hellion x4  
  113  13:24  Marine  
  124  13:30  SCV  
  124  13:31  Refinery  
  125  13:44  Hellion x2  
  129  14:09  SCV x3  
  132  14:12  Liberator x2  
  132  14:21  SCV x3  
  132  14:22  Marine x6  
  132  14:23  Marine x2  
  143  14:26  Hellion x2  
  143  14:27  Hellion x2  
  157  14:36  Command Center  
  157  15:11  Hellion  
  157  15:13  Hellion x2  
  157  15:31  Liberator x2  
  133  15:42  Liberator  
  157  15:43  Liberator  
  157  15:48  Marine x3, Hellion x3  
  172  15:59  Marine  
  130  16:10  Hellion x2  
  130  16:13  Liberator x2  
  122  16:20  Marine  
  122  16:21  Marine  
  102  16:31  Hellion x2  
  100  16:49  SCV  
  100  16:52  Marine x2  
  100  16:54  Hellion x3  
  100  16:57  Viking x2  
  109  17:03  Terran Vehicle Weapons Level 1  
  109  17:13  Viking x2  
  114  17:15  Hellion  
  114  17:16  Hellion  
  102  17:54  Marine x2  
  102  17:55  Marine, Refinery  
  85  18:11  Missile Turret  
  85  18:13  Liberator x2  
  85  18:15  Missile Turret  
  85  18:19  Missile Turret  
  85  18:26  Hellion  
  85  18:27  Hellion x2  
  95  18:28  Marine x3  
  95  18:31  Viking  
  95  18:32  Missile Turret  
  95  18:33  Widow Mine x2  
  106  18:36  Missile Turret  
  106  18:39  Missile Turret  
  106  18:42  Barracks  
  106  18:45  Command Center  
  106  18:48  Hellion x3  
  112  18:50  Command Center  
  112  18:54  Hellion x2  
  112  19:09  Siege Tank  
Tags
 
Add a new tag
Caveats
  • Supply blocks, unpowered buildings, or Contaminate may cause inaccurate times.
  • Supply counts are checked every 10 seconds.